 Dungeon Crawl Stone Soup version 0.31-a0-523-g071a6c1ffa (webtiles) character file.

Game seed: 13602733922787426055

1876716 kaychamo the Slayer (level 27, 164/164 HPs)
             Began as a Vine Stalker Shapeshifter on Aug 11, 2023.
             Was a High Priest of Okawaru.
             Escaped with the Orb
             ... and 3 runes!
             The game lasted 03:22:43 (54945 turns).

kaychamo the Slayer (Vine Stalker Shapeshifter)    Turns: 54945, Time: 03:22:44

Health: 164/164    AC: 55    Str: 42      XL:     27
Magic:  29/29      EV: 23    Int:  7 (8)  God:    Okawaru [*****.]
Gold:   5209       SH: 14    Dex: 20      Spells: 34/34 levels left

rFire   + + .        b - +9 broad axe (vamp)
rCold   + . .        Y - +1 buckler of Dyvaob {-Cast rC+ Will++ rCorr}
rNeg    . . .        H - +16 crystal plate armour "Xeolal" {Str+2}
rPois   +            R - +0 hat of Atijyf {Contam Rampage Dex+6}
rElec   +            t - +1 cloak of Starlight {*Dazzle EV+4 Stlth--}
rCorr   +            U - +2 pair of gloves {Str+3}
SInv    +            n - +2 pair of boots {Fly}
Will    +++++        m - amulet of faith {!P} Stlth
                     F - ring of protection from fire
HPRegen 1.27/turn    C - ring "Ecsoc" {Fly rElec rPois rF+ Str+4}
MPRegen 0.21/turn

%: no spellcasting, random rage (9%), guardian spirit, rampage, faith
@: flying, studying Throwing
A: fangs 3, regeneration 1, magic shield, antimagic bite, no potion heal 2,
large bone plates 1, see invisible, berserk 2, deterioration 2, low MP 1,
subdued magic 1, inability to read after injury 1
0: Orb of Zot
}: 3/15 runes: decaying, silver, gossamer
a: Renounce Religion, Heroism, Finesse, Duel


You escaped.
You worshipped Okawaru.
Okawaru was extremely pleased with you.
You visited 9 branches of the dungeon, and saw 47 of its levels.
You visited the Abyss 1 time.
You also visited: Trove, Sewer, Bailey and Gauntlet.

You collected 6637 gold pieces.
You spent 1428 gold pieces at shops.


Innate Abilities, Weirdness & Mutations

You have razor-sharp teeth.
Your natural rate of healing is unusually fast.
When hurt, damage is shared between your health and your magic reserves.
Your bite disrupts and absorbs the magic of your enemies.
Potions cannot restore your health.
You are partially covered in large bone plates. (SH +4)
You have supernaturally acute eyesight. (SInv)
You have an uncontrollable temper.
Your body often deteriorates upon taking damage.
Your magical capacity is low. (-10% MP)
Your spells are a little easier to cast, but a little less powerful.
You occasionally lose the ability to read scrolls when taking damage.


   Skills:
 - Level 23.0 Fighting
 - Level 12.4(13.0) Axes
 - Level 6.0(10.0) Maces & Flails
 - Level 5.0 Ranged Weapons
 - Level 22.0 Armour
 + Level 18.0 Dodging
 - Level 3.0 Stealth
 - Level 18.0 Shields
 - Level 3.0 Unarmed Combat
 - Level 4.0 Spellcasting
 - Level 12.0 Invocations
 - Level 4.0 Evocations
 - Level 3.0 Shapeshifting


You had 34 spell levels left.
You didn't know any spells.
Your spell library contained the following spells:

 Spells                   Type           Power      Damage    Failure   Level
 Apportation              Tloc           2%         N/A       80%         1
 Foxfire                  Conj/Fire      4%         2x1d4     80%         1
 Freeze                   Ice            4%         1d3       80%         1
 Kiss of Death            Conj/Necr      4%         2d5       80%         1
 Magic Dart               Conj           4%         1d3       80%         1
 Necrotise                Necr           4%         1d4       80%         1
 Sandblast                Erth           2%         2d4       80%         1
 Shock                    Conj/Air       4%         1d3       80%         1
 Slow                     Hex            4%         N/A       80%         1
 Cigotuvi's Dreadful Rot  Necr/Pois/Air  2%         N/A       90%         2
 Ensorcelled Hibernation  Hex/Ice        2%         N/A       90%         2
 Passwall                 Tmut/Erth      0%         N/A       90%         2
 Searing Ray              Conj           2%         2d4       90%         2
 Static Discharge         Conj/Air       2%         2-3/arc   90%         2
 Confusing Touch          Hex            1%         N/A       99%         3
 Dazzling Flash           Conj/Hex       2%         N/A       99%         3
 Hailstorm                Conj/Ice       1%         3d3       99%         3
 Inner Flame              Hex/Fire       1%         N/A       99%         3
 Ozocubu's Armour         Ice            1%         N/A       99%         3
 Stone Arrow              Conj/Erth      2%         3d7       99%         3
 Swiftness                Air            1%         N/A       99%         3
 Vampiric Draining        Necr           1%         2d6       99%         3
 Volatile Blastmotes      Fire/Tloc      2%         2d10      99%         3
 Airstrike                Air            0%         2d(1-17)  100%        4
 Anguish                  Hex/Necr       0%         N/A       100%        4
 Dispel Undead            Necr           1%         3d6       100%        4
 Fulminant Prism          Conj/Hex       0%         3d5       100%        4
 Manifold Assault         Tloc           1%         N/A       100%        4
 Passage of Golubria      Tloc           1%         N/A       100%        4
 Petrify                  Tmut/Erth      1%         N/A       100%        4
 Agony                    Necr           1%         N/A       100%        5
 Alistair's Intoxication  Tmut/Pois      0%         N/A       100%        5
 Borgnjor's Vile Clutch   Necr/Erth      0%         N/A       100%        5
 Lee's Rapid Deconstruct  Erth           0%         3d4*      100%        5
 Metabolic Englaciation   Hex/Ice        0%         N/A       100%        5
 Silence                  Hex/Air        0%         N/A       100%        5
 Yara's Violent Unravell  Hex/Tmut       0%         3d3       100%        5
 Dispersal                Tloc           0%         N/A       100%        6
 Eringya's Noxious Bog    Tmut/Pois      0%         4d6       100%        6
 Starburst                Conj/Fire      0%         6d3       100%        6
 Enfeeble                 Hex            0%         N/A       100%        7
 Disjunction              Tloc           0%         N/A       100%        8
 Lehudib's Crystal Spear  Conj/Erth      0%         10d2      100%        8
 Maxwell's Capacitive Co  Air            0%         ∞         100%        8
 Polar Vortex             Ice            0%         N/A       100%        9
 Summon Small Mammal      Summ           Unusable   N/A       N/A         1
 Call Canine Familiar     Summ           Unusable   N/A       N/A         3
 Summon Guardian Golem    Hex/Summ       Unusable   N/A       N/A         3
 Animate Armour           Summ/Erth      Unusable   N/A       N/A         4
 Animate Dead             Necr           Unusable   N/A       N/A         4
 Summon Ice Beast         Ice/Summ       Unusable   N/A       N/A         4
 Summon Lightning Spire   Summ/Air       Unusable   N/A       N/A         4
 Summon Forest            Summ/Tloc      Unusable   N/A       N/A         5
 Death Channel            Necr           Unusable   N/A       N/A         6
 Simulacrum               Ice/Necr       Unusable   N/A       N/A         6
 Summon Hydra             Summ           Unusable   N/A       N/A         7

Inventory:

Hand Weapons
 b - a +9 vampiric broad axe (weapon)
 c - a +9 spectral demon trident
 w - the +7 war axe "Peihog" {flame, rF+}
   (Okawaru gifted it to you on level 3 of the Lair of Beasts)

   rF+:       It protects you from fire.
Missiles
 z - 4 throwing nets {=f}
 J - 21 javelins (quivered)
 T - 16 silver javelins
Armour
 a - the +3 warlock's mirror {omnireflect}
   (You found it in a treasure trove)

   Omnireflect: It can block and reflect piercing ranged attacks and magical
   attacks against the wielder's willpower.
 e - the scarf "Ilanyblu" {+Inv, *Slow rPois Will+ Str+4}
   (You found it in a treasure trove)

   Str+4:     It affects your strength (+4).
   rPois:     It protects you from poison Will+: It increases your willpower.
   *Slow:     It may slow you when you take damage.
 h - a +4 plate armour of fire resistance
 n - a +2 pair of boots of flying (worn)
 p - a +2 pair of gloves
 q - the -2 helmet of the Accordion {rC- Int+3 Dex+3}
   (Okawaru gifted it to you on level 5 of the Realm of Zot)

   Int+3:     It affects your intelligence (+3).
   Dex+3:     It affects your dexterity (+3).
   rC-:       It makes you vulnerable to cold.
 t - the +1 cloak of Starlight (worn) {*Dazzle EV+4 Stlth--}
   (You found it on level 1 of the Depths)

   *Dazzle:   It may blind those who miss an attack against the wearer in melee
   combat.
   EV+4:      It affects your evasion (+4).
   Stlth--:   It makes you much less stealthy.
 H - the +16 crystal plate armour "Xeolal" (worn) {Str+2}
   (You found it in a treasure trove)

   Str+2:     It affects your strength (+2).
 R - the +0 hat of Atijyf (worn) {Contam Rampage Dex+6}
   (Okawaru gifted it to you on level 5 of the Vaults)

   Dex+6:     It affects your dexterity (+6).
   Contam:    It causes magical contamination when unequipped.
   Rampage:   It bestows one free step when moving towards enemies.
 S - a +2 helmet of intelligence
 U - a +2 pair of gloves of strength (worn)
 V - the +0 cloak of the Ant {Contam Will+ Int+3 SInv}
   (You found it in a treasure trove)

   Int+3:     It affects your intelligence (+3).
   Will+:     It increases your willpower.
   SInv:      It lets you see invisible.
   Contam:    It causes magical contamination when unequipped.
 X - the scarf of the Flying Gods {repulsion, rF+ Will++}
   (Okawaru gifted it to you on level 2 of the Elven Halls)

   rF+:       It protects you from fire.
   Will++:    It greatly increases your willpower.
 Y - the +1 buckler of Dyvaob (worn) {-Cast rC+ Will++ rCorr}
   (Okawaru gifted it to you on level 3 of the Spider Nest)

   rC+:       It protects you from cold.
   Will++:    It greatly increases your willpower.
   -Cast:     It prevents spellcasting.
   rCorr:     It protects you from acid and corrosion.
Jewellery
 f - a ring of protection from fire
 m - an amulet of faith (around neck) {!P}
 C - the ring "Ecsoc" (right hand) {Fly rElec rPois rF+ Str+4}
   (You found it on level 4 of the Lair of Beasts)

   [ring of protection from fire]

   Str+4:     It affects your strength (+4).
   rF+:       It protects you from fire.
   rElec:     It insulates you from electricity.
   rPois:     It protects you from poison Fly: It grants you flight.
 F - a ring of protection from fire (left hand)
 N - a ring of positive energy
Wands
 s - a wand of iceblast (77)
 y - a wand of mindburst (88)
 L - a wand of digging (28)
 M - a wand of quicksilver (16)
 W - a wand of paralysis (81)
Scrolls
 d - 7 scrolls of vulnerability
 i - 18 scrolls of teleportation {@r2}
 l - 12 scrolls of revelation
 o - 10 scrolls of fear
 u - 10 scrolls of blinking
 v - 3 scrolls of butterflies
 D - 10 scrolls of poison
 E - 12 scrolls of fog
 K - 4 scrolls of silence {!r}
 O - 9 scrolls of immolation
Potions
 g - 10 potions of enlightenment
 j - a potion of haste {@q3}
 k - 5 potions of invisibility
 x - 5 potions of might
 B - 3 potions of berserk rage {!q}
 I - 5 potions of mutation
 P - 4 potions of brilliance
 Q - 21 potions of curing {@q1}
 Z - 3 potions of cancellation
Miscellaneous
 A - a phial of floods
 G - a phantom mirror

Dungeon Overview and Level Annotations

Branches:
Dungeon (15/15)            Temple (0/1) D:4            Lair (5/5) D:10
  Swamp (4/4) Lair:2       Spider (4/4) Lair:3        Slime (0/5) Lair:5
    Orc (2/2) D:11            Elf (3/3) Orc:2        Vaults (5/5) D:13
  Crypt (0/3) Vaults:2     Depths (4/4) D:15            Zot (5/5) Depths:4
  Sewer (visited)          Bailey (visited)         Gauntlet (visited)

Altars:
Ashenzari
Gozag
Kikubaaqudgha
Nemelex Xobeh
Okawaru
Vehumet
Wu Jian
The Shining One
Lugonu

Shops:
D:6 *!:([*   D:14 *   Orc:2 :!:(?   Elf:3 (*:   Vaults:2 [   Depths:1 [
Depths:4 (***

Portals:
Hell: Depths:1 Depths:2 Depths:3 Depths:4
Abyss: Depths:3
Pandemonium: Depths:2
Ziggurat: Depths:4

Annotations:
D:2 exclusion: gnoll
D:9 2 transporters, TobyConnect's ghost, novice DsSh
D:14 Roxanne
Lair:3 exclusion: oklob plant
Elf:1 1 runed translucent door
Depths:4 exclusions: blizzard demon, dread lich, hell beast and 2 more exclusions

#.# #.# #.# #.#
#### ###.#####.#
###..#
..........###....#
.###.######......#
.# #.####....)...#
.######......▒▒..#
...'.......▒▒▒▒..#
...'.....▒▒▒ ▒.@#
.#.'.......▒▒▒▒..#
.######......▒▒..#
.# #.####........#
.# #.##.###...^..#
.# #.##.# ###....#
.# #.##.# ###..#
.# #.##.# ####
.###.##.#


There were no monsters in sight!


Message History

The lorocyproca misses you.
The lorocyproca is blinded by the light from your cloak!
You slice the lorocyproca!! You bite the lorocyproca! You drain its power.
The lorocyproca is severely wounded.
A red film seems to cover your vision as you go berserk!
You feel yourself moving faster!
You feel mighty!
You slice the lorocyproca like a ripe choko!!!
You kill the lorocyproca!
Okawaru accepts your kill.
You feel a strong urge to attack something.
You see here a +0 club.
You feel your anger nearly subside.
You are no longer berserk.
You are exhausted.
You feel yourself slow down.
Things that are here:
a +0 robe; a +0 dagger You see here a +0 hand axe.
There is a stone staircase leading up here.
You fly upwards.
Level annotation: exclusion: gnoll
There is a stone staircase leading down here.
You feel yourself speed up.
There is a stone staircase leading up here.
You fly upwards.
There is a stone staircase leading down here.
You recover from your berserk rage.
There is an open gate here.
You see here a +0 dagger.
There is a staircase leading out of the dungeon here.
You have escaped!

Skill      XL: |  1  2  3  4  5  6  7  8  9 10 11 12 13 14 15 16 17 18 19 20 21 22 23 24 25 26 27 |
---------------+----------------------------------------------------------------------------------+-----
Stealth        | 2 3 |  3.0
Fighting       | 1 2 3 5 6 8 10 12 14 15 16 18 21 22 23 | 23.0
Armour         | 1 2 4 8 9 10 12 15 16 19 22 | 22.0
Ranged Weapons | 3 4 5 |  5.0
Dodging        | 2 5 7 10 11 12 13 15 18 | 18.0
Maces & Flails | 1 5 6 |  6.0
Invocations    | 1 2 5 7 10 11 12 | 12.0
Axes           | 5 9 12 | 12.4
Shields        | 1 5 8 10 12 18 | 18.0
Spellcasting   | 3 4 |  4.0
Evocations     | 4 |  4.0
Unarmed Combat | |  3.0
Shapeshifting  | |  3.0

Action                     |  1- 3 |  4- 6 |  7- 9 | 10-12 | 13-15 | 16-18 | 19-21 | 22-24 | 25-27 || total
---------------------------+-------+-------+-------+-------+-------+-------+-------+-------+-------++-------
  Melee: Unarmed           |    72 |    62 |       |       |       |       |       |       |       ||   134
         Bite              |    14 |    19 |    50 |   193 |   308 |   536 |   591 |   568 |   587 ||  2866
         Punch             |     3 |     2 |     6 |    17 |       |       |       |       |       ||    28
         Trident           |       |    11 |       |       |       |       |       |       |       ||    11
         Whip              |       |       |    15 |       |       |       |       |       |       ||    15
         Flail             |       |       |   144 |    25 |       |       |       |       |       ||   169
         Hand axe          |       |       |       |   412 |    58 |     6 |       |       |       ||   476
         Broad axe         |       |       |       |    83 |   692 |  1269 |  1264 |  1211 |  1172 ||  5691
         War axe           |       |       |       |       |       |    16 |       |       |       ||    16
   Fire: Sling             |       |    20 |    29 |       |       |       |       |       |       ||    49
         Arbalest          |       |       |   116 |    78 |       |       |       |       |       ||   194
  Throw: Dart              |    11 |    14 |       |       |       |       |       |       |       ||    25
         Boomerang         |       |       |       |     4 |     1 |     1 |       |       |       ||     6
         Javelin           |       |       |       |       |       |       |     3 |       |       ||     3
 Invoke: Heroism           |       |       |       |     4 |     2 |     9 |    18 |    18 |    23 ||    74
         Finesse           |       |       |       |     1 |       |     3 |     6 |     7 |    10 ||    27
  Evoke: Wand              |       |     5 |       |       |     1 |       |       |       |       ||     6
    Use: Scroll            |       |       |     9 |     7 |    13 |     7 |     5 |     4 |     8 ||    53
         Potion            |       |       |       |       |       |     2 |     3 |     5 |    11 ||    21
   Stab: Sleeping          |     9 |     1 |       |       |       |       |       |       |       ||    10
         Distracted        |     1 |       |       |       |       |       |       |       |       ||     1
         Paralysed         |       |       |       |       |     3 |     1 |       |       |       ||     4
         Invisible         |       |       |       |       |       |       |       |    20 |    30 ||    50
         Confused          |       |       |       |       |       |       |       |       |     1 ||     1
 Armour: Animal skin       |     6 |       |       |       |       |       |       |       |       ||     6
         Scale mail        |       |    37 |     4 |       |       |       |       |       |       ||    41
         Robe              |       |     1 |       |       |       |       |       |       |       ||     1
         Chain mail        |       |       |    61 |    58 |       |       |       |       |       ||   119
         Plate armour      |       |       |       |    89 |       |       |       |       |       ||    89
         Crystal plate arm |       |       |       |   249 |   552 |  1335 |  1236 |   679 |   607 ||  4658
  Dodge: Dodged            |    34 |    45 |    89 |   174 |   246 |   658 |   742 |   663 |   908 ||  3559
         Repelled          |       |       |       |       |       |       |     2 |    16 |       ||    18
  Block: Buckler           |       |       |       |   105 |   341 |   725 |   552 |   555 |   753 ||  3031
         Reflection        |       |       |       |    12 |    10 |    53 |       |       |       ||    75
   Form: Beast             |       |       |     2 |       |       |       |       |       |       ||     2
                           |       |       |     1 |     1 |       |       |       |       |       ||     2
         Anaconda          |       |       |     1 |       |       |       |       |       |       ||     1

Levels and vault maps discovered:
D:1:      lemuel_arrival_funnel, layout_loops_ring,
          dreamdust_ecumenical_altar_grove, minmay_pentomino_t2
D:2:      layout_basic
D:3:      layout_basic
D:4:      layout_cave_pools, kennysheep_okawaru_gauntlet,
          minmay_temple_entry_grid, uniq_robin, uniq_pikel
D:5:      layout_rooms, uniq_blork_the_orc
D:6:      layout_cave_pools, nicolae_wu_jian_wuxing_cycle, gup_sewer_entry_bowl,
          serial_shops, nicolae_inconvenience_store, nicolae_shop_waterfront,
          nicolae_shop_national_dungeon_mall
D:7:      layout_basic, corexii_item_surrounded_by_moat, uniq_joseph
D:8:      layout_cave_pods, lemuel_coloured_pillars_altar, enter_bailey_2
D:9:      layout_roguey, gammafunk_ghost_abyssal_escape, special_room
          [special_room_orc], chequers_serial_rivers_micro_c
D:10:     kennysheep_kobold_lugonu_temple, layout_rooms, david_lair_generic,
          serial_rivers, chequers_serial_rivers_marsh,
          chequers_serial_rivers_small_b, chequers_serial_rivers_micro_d,
          chequers_serial_rivers_micro_a, enter_trove_2, hex_tiny
D:11:     layout_rooms, hiddenorc2_lemuel, grunt_decor_junction,
          lemuel_nasty_fountain
D:12:     kennysheep_scales, layout_irregular_city, minmay_more_statues
D:13:     layout_roguey [special_room_orc], erik_vaults_1,
          gauntlet_entry_generic
D:14:     layout_loops_cross, grunt_gozag_statues, nicolae_elemental_shop,
          chequers_serial_rivers_micro_c, corexii_corridor_pit,
          chequers_serial_rivers_micro_e, uniq_roxanne
D:15:     gammafunk_depths_entry_grave, layout_irregular_city,
          palyth_stone_intersect, hangedman_decor_points,
          cheibrodos_ashenzari_chains, uniq_louise, uniq_jorgrun
Lair:1:   layout_concentric_octagons, cheibrodos_lair_lostbears,
          grunt_megastairs_3, uniq_urug
Lair:2:   hellmonk_destroyed_diamonds, layout_gridlike,
          minmay_swamp_entry_worms, gammafunk_ghost_icy
Lair:3:   nzn_winding_woodlands_small
          [nzn_winding_woodlands_5x15_river_crossing,
          nzn_winding_woodlands_center_pierced_h,
          nzn_winding_woodlands_5x15_concentric], layout_chaotic_city,
          spider_nest_entry_a, eino_house_with_fridge, uniq_amaemon
Lair:4:   layout_gridlike
Lair:5:   gammafunk_lair_ancient_temple, layout_small_grid,
          dpeg_slime_entry_corner, minivault_23, grunt_megastairs_4,
          infiniplex_staircase_pool_2, lemuel_fruit_tree
Swamp:1:  nicolae_swamp_tree_isthmus, layout_basic_swamp,
          evilmike_swamp_ruin_house_1
Swamp:2:  layout_basic_swamp, evilmike_swamp_ruin_rubble_1
Swamp:3:  layout_basic_swamp, gammafunk_ghost_split,
          evilmike_swamp_ruin_house_2, uniq_bai_suzhen
Swamp:4:  nzn_swamp_witches_coven, layout_basic_swamp, swamp_pool5
Spider:1: layout_spider_delve, hangedman_spider_tarantella_strand, uniq_asterion
Spider:2: layout_spider_delve, nicolae_spider_world_wide_web
Spider:3: layout_cave_pods
Spider:4: hellmonk_spider_rune_bug_friends, uniq_arachne, uniq_mlioglotl,
          uniq_aizul
Orc:1:    layout_diamond_mine
Orc:2:    kennysheep_orc_mage_school, layout_diamond_mine, serial_shops,
          nicolae_book_shop_shelving
Elf:1:    nicolae_elf_arrival_dilemma, layout_geoelf_octagon,
          kennysheep_underground_church, grunt_ministairs_9
Elf:2:    nicolae_elf_blades_crystal_corner, layout_loops_corners, uniq_azrael
Elf:3:    minmay_elf_hall, layout_geoelf_octagon, serial_shops, shop,
          nicolae_shop_tiny_glass, shop
Vaults:1: infiniplex_enter_wizlab_glasses, nicolae_vaults_prndl,
          hangedman_vaults_locks, v_misc_15, v_misc_16, nicolae_vaults_house_1,
          v_pattern_1, nicolae_vaults_shipping_containers_4,
          vaults_room_semicircle, dpeg_vaults_monster_row,
          layout_vaults_omnigrid
Vaults:2: nicolae_vaults_specimen_jars, nicolae_vaults_little_guard_posts,
          nicolae_vaults_yaktaur_gun_rack, nicolae_vaults_closet_pinwheel_4,
          serial_ice_m, minmay_crypt_entry_simple_walls,
          nicolae_vaults_closet_pinwheel_1, nicolae_vaults_house_3,
          ontoclasm_vaults_fault, nicolae_vaults_variable_pillar_hall,
          vaults_room_door_ring, v_misc_15, grunt_vaults_trifunnel,
          layout_vaults_omnibox, serial_shops, nicolae_diamond_shop
Vaults:3: vaults_mumra_hexcomb, hangedman_vaults_impose,
          nicolae_vaults_diamond_2, ontoclasm_vaults_decontamination,
          hangedman_vaults_capsules, nicolae_vaults_trapezoid_lopsided_3,
          vaults_mumra_hex, vaults_dpeg_encased_lava,
          nicolae_vaults_trapezoid_1, nicolae_vaults_ellipses_ellipsis,
          v_misc_13, nicolae_vaults_frosty_reception, ontoclasm_vaults_echo,
          layout_vaults_ring
Vaults:4: nicolae_vaults_little_squares_3, vaults_room_pool, st_check,
          nicolae_vaults_cochlea, nicolae_vaults_heart-shaped_vault,
          nicolae_vaults_trapezoid_4, v_misc_8,
          nicolae_vaults_door_testing_chamber,
          nicolae_vaults_network_quinsquares
          [nicolae_vaults_network_quincunx_subvault,
          nicolae_vaults_network_quincunx_subvault,
          nicolae_vaults_network_quincunx_subvault,
          nicolae_vaults_network_quincunx_subvault], grunt_vaults_twisty,
          nicolae_vaults_little_squares_5, layout_vaults_big_room
Vaults:5
Depths:1: layout_big_octagon, serial_shops, nicolae_diamond_shop,
          lightli_too_deep, chequers_serial_rivers_micro_d, minmay_liquid_box,
          nicolae_shop_i_like_small_books_too, kennysheep_crisscross,
          hellmonk_guarded_unrand_starlight, uniq_norris, uniq_mara
Depths:2: kennysheep_snake, layout_basic, rand_demon_pan_entry_8,
          nicolae_tso_carved_into_rock, pf_coc_iceberg, uniq_sojobo
Depths:3: evilmike_diamond_2, layout_gridlike, abyss_entry_small_statue_room,
          minmay_staircase_statues, hellmouth_3, minmay_fountain_box
Depths:4: evilmike_zot_entry_diamond, layout_honeycomb, enter_ziggurat_c,
          hell_entry, solitary_fountain, minmay_shoptagon, uniq_saint_roka
Zot:1:    layout_concentric_octagons
Zot:2:    layout_concentric_octagons, grunt_megastairs_5
Zot:3:    layout_cathedral_of_symmetry, hangedman_swamp_dais
Zot:4:    lemuel_halls_of_wrath, layout_gridlike, grunt_megastairs_1
Zot:5:    layout_cellular_growth, bh_zot_ikea_curve

Notes
Turn   | Place    | Note
-------+----------+-------------------------------------------
     0 | D:1      | kaychamo the Vine Stalker Shapeshifter began the quest for
                  | the Orb.
     0 | D:1      | Reached XP level 1. HP: 9/9 MP: 2/2
    63 | D:1      | Reached skill level 1 in Stealth
   113 | D:1      | Found a faded altar of an unknown god.
   145 | D:1      | Reached skill level 2 in Stealth
   186 | D:1      | Reached XP level 2. HP: 14/14 MP: 3/3
   395 | D:1      | Reached skill level 3 in Stealth
   396 | D:1      | Reached skill level 1 in Fighting
   598 | D:1      | Reached XP level 3. HP: 18/18 MP: 4/4
  1311 | D:2      | Reached skill level 2 in Fighting
  1346 | D:2      | Found the +0 toga "Victory" {*Victory Clar}
  1500 | D:2      | Gained mutation: Your natural rate of healing is unusually
                  | fast. [Vine Stalker growth]
  1500 | D:2      | Reached XP level 4. HP: 23/23 MP: 5/5
  1804 | D:3      | Reached skill level 3 in Fighting
  1971 | D:3      | Reached skill level 1 in Armour
  2476 | D:4      | Noticed Robin
  2543 | D:4      | Reached XP level 5. HP: 28/28 MP: 6/6
  2706 | D:3      | Reached skill level 2 in Armour
  2852 | D:4      | Killed Robin
  2908 | D:4      | Found a staircase to the Ecumenical Temple.
  2952 | D:4      | Noticed a lemure
  2978 | D:3      | Reached skill level 2 in Ranged Weapons
  2991 | D:3      | Killed a lemure
  3052 | D:4      | Found an iron altar of Okawaru.
  3060 | D:4      | Became a worshipper of Warmaster Okawaru
  3077 | D:4      | Noticed Pikel
  3077 | D:4      | Noticed a lemure
  3104 | D:4      | Killed Pikel
  3104 | D:4      | Reached * piety under Okawaru
  3105 | D:4      | Reached skill level 3 in Ranged Weapons
  3105 | D:4      | Reached skill level 2 in Dodging
  3105 | D:4      | Reached skill level 4 in Fighting
  3105 | D:4      | Reached skill level 5 in Fighting
  3105 | D:4      | Reached XP level 6. HP: 35/35 MP: 7/7
  3105 | D:4      | Reached XP level 7. HP: 39/39 MP: 8/8
  4328 | D:5      | Entered Level 5 of the Dungeon
  4375 | D:5      | Reached skill level 1 in Maces & Flails
  4375 | D:5      | Reached skill level 1 in Invocations
  4382 | D:5      | Noticed Blork the orc
  4399 | D:5      | Killed Blork the orc
  4467 | D:5      | Gained mutation: You have razor-sharp teeth. [Vine Stalker
                  | growth]
  4467 | D:5      | Reached XP level 8. HP: 43/44 MP: 10/10
  4550 | D:5      | Reached skill level 2 in Maces & Flails
  4550 | D:5      | Reached skill level 2 in Invocations
  4615 | D:5      | Reached ** piety under Okawaru
  4616 | D:5      | Reached skill level 6 in Fighting
  5000 | D:6      | Reached skill level 3 in Maces & Flails
  5030 | D:6      | Found Noeqeot's General Store.
  5040 | D:6      | Reached skill level 4 in Maces & Flails
  5041 | D:6      | Found Hulimiw's Distillery.
  5043 | D:6      | Found Hienituhi's Book Shoppe.
  5059 | D:6      | Reached skill level 5 in Maces & Flails
  5060 | D:6      | Found Tynwetam's Weapon Boutique.
  5063 | D:6      | Found Inwadwet's Antique Armour Emporium.
  5073 | D:6      | Found Jyathreb's Assorted Antiques.
  5105 | D:6      | Reached skill level 4 in Ranged Weapons
  5112 | D:6      | Reached XP level 9. HP: 48/48 MP: 9/11
  5258 | D:6      | Reached *** piety under Okawaru
  5259 | D:6      | Reached skill level 5 in Ranged Weapons
  5288 | D:6      | Found a glowing drain.
  5292 | Sewer    | Entered a sewer
  5654 | D:6      | Found an ornate altar of the Wu Jian Council.
  5902 | D:6      | Found Finloimp's General Store.
  6215 | D:6      | Bought a cyan potion for 29 gold pieces
  6215 | D:6      | Bought a smoky brown potion for 29 gold pieces
  6215 | D:6      | Bought a scroll labelled NEIRIA KESYLIUKOG for 33 gold
                  | pieces
  6238 | D:6      | Bought a potion of might for 40 gold pieces
  6238 | D:6      | Bought a potion of mutation for 80 gold pieces
  6238 | D:6      | Bought a potion of curing for 30 gold pieces
  6326 | D:7      | Noticed Joseph
  6381 | D:6      | Reached skill level 6 in Maces & Flails
  6884 | D:7      | Reached skill level 7 in Fighting
  7248 | D:7      | Killed Joseph
  7248 | D:7      | Reached **** piety under Okawaru
  7249 | D:7      | Reached skill level 8 in Fighting
  7737 | D:6      | Bought a potion of enlightenment for 50 gold pieces
  7815 | D:8      | Reached XP level 10. HP: 57/57 MP: 12/12
  7841 | D:8      | Reached skill level 9 in Fighting
  8081 | D:8      | Found a sparkling altar of Nemelex Xobeh.
  8158 | D:8      | Found a flagged portal.
  8173 | D:8      | Identified the +7 hand axe "Varoetu" {protect, rC+}
  8177 | Bailey   | Entered a bailey
  8195 | Bailey   | Reached skill level 1 in Axes
  8205 | Bailey   | Reached ***** piety under Okawaru
  8206 | Bailey   | Reached skill level 10 in Fighting
  8206 | Bailey   | Reached skill level 2 in Axes
  8247 | Bailey   | Reached skill level 3 in Axes
  8273 | Bailey   | Reached skill level 4 in Axes
  8329 | Bailey   | Reached skill level 3 in Invocations
  8579 | Bailey   | Noticed Prince Ribbit
  8579 | Bailey   | Noticed a vault guard
  8597 | Bailey   | Killed Prince Ribbit
  8598 | Bailey   | Reached skill level 4 in Invocations
  8617 | Bailey   | Killed a vault guard
  8618 | Bailey   | Reached skill level 5 in Invocations
  8618 | Bailey   | Reached skill level 5 in Axes
  8618 | Bailey   | Reached XP level 11. HP: 37/63 MP: 10/15
  8741 | Bailey   | Noticed a vault guard
  8747 | Bailey   | Killed a vault guard
  8748 | Bailey   | Reached skill level 6 in Axes
  9677 | D:9      | Received a gift from Okawaru
  9742 | D:9      | Found a transporter.
  9773 | D:9      | Noticed a sun demon
  9774 | D:9      | Noticed a sun demon
  9850 | D:9      | Noticed a sun demon
 10014 | D:9      | Noticed a sixfirhy
 10266 | D:9      | Identified the +2 robe of the Slorg {rPois Regen+ Int+4
                  | Dex+4} (Okawaru gifted it to you on level 9 of the Dungeon)
 10266 | D:9      | Received a gift from Okawaru
 10292 | D:9      | Identified the +0 scale mail "Fanydwad" {rPois}
 10347 | D:9      | Noticed TobyConnect's ghost (novice DsSh)
 10494 | D:9      | Noticed a soul eater
 10504 | D:8      | Reached skill level 7 in Axes
 10537 | D:9      | Found a transporter.
 10982 | D:10     | Entered Level 10 of the Dungeon
 10982 | D:10     | Found a staircase to the Lair.
 10997 | Lair:1   | Entered Level 1 of the Lair of Beasts
 11103 | Lair:1   | Reached skill level 6 in Invocations
 11490 | D:10     | Found a portal to a secret trove of treasure.
 11500 | Trove    | Entered a treasure trove
 11502 | Trove    | Found the +2 cloak of the Thief {*Fog Slay-2 SInv Stlth+}
 11504 | Trove    | Identified the +2 pair of boots "Olo Xas" {Harm rN+ Dex+8
                  | Stlth-}
 11509 | Trove    | Identified the scarf "Ilanyblu" {+Inv, *Slow rPois Will+
                  | Str+4}
 11518 | Trove    | Identified the +16 crystal plate armour "Xeolal" {Str+2}
 11532 | Trove    | Identified the +9 plate armour of a sewer {Str+8 Dex+2}
 11554 | Trove    | Identified the +0 chain mail of Xom's Outrage {MP+9}
 11569 | Trove    | Identified the +0 cloak "Ydyetsu" {*Slow rC+ SInv}
 11573 | Trove    | Found the +3 warlock's mirror {omnireflect}
 11576 | Trove    | Identified the +0 cloak of the Ant {Contam Will+ Int+3
                  | SInv}
 11772 | D:10     | Found a corrupted altar of Lugonu.
 11781 | D:10     | Reached skill level 8 in Axes
 11781 | D:10     | Reached skill level 7 in Invocations
 11854 | D:10     | Reached skill level 9 in Axes
 11859 | D:10     | Reached XP level 12. HP: 38/67 MP: 10/18
 12011 | D:11     | Identified a +2 robe of resistance
 12094 | D:11     | Noticed a two-headed ogre
 12101 | D:11     | Reached skill level 10 in Axes
 12105 | D:11     | Killed a two-headed ogre
 12130 | D:11     | Noticed a two-headed ogre
 12141 | D:11     | Killed a two-headed ogre
 12421 | D:11     | Found a staircase to the Orcish Mines.
 12438 | D:11     | Reached skill level 11 in Axes
 12562 | Orc:1    | Entered Level 1 of the Orcish Mines
 12731 | D:11     | Reached skill level 12 in Axes
 13072 | Orc:2    | Entered Level 2 of the Orcish Mines
 13072 | Orc:2    | Noticed an orc warlord
 13213 | Orc:1    | Killed an orc warlord
 13214 | Orc:1    | Reached skill level 3 in Armour
 13342 | Orc:2    | Reached skill level 4 in Armour
 13404 | Orc:2    | Found a staircase to the Elven Halls.
 13554 | Orc:2    | Reached XP level 13. HP: 72/72 MP: 19/19
 13643 | Orc:2    | Found Erphezak's Book Shoppe.
 13769 | Orc:2    | Reached skill level 5 in Armour
 13781 | Orc:2    | Found Foehaxt's Book Emporium.
 13923 | Orc:2    | Found Govakh's Distillery.
 13930 | Orc:2    | Bought a potion of degeneration for 14 gold pieces
 13930 | Orc:2    | Bought a potion of heal wounds for 70 gold pieces
 13930 | Orc:2    | Bought a potion of haste for 140 gold pieces
 13985 | Orc:2    | Found an ancient bone altar of Kikubaaqudgha.
 13985 | Orc:2    | Noticed Nergalle
 13990 | Orc:2    | Reached skill level 6 in Armour
 14007 | Orc:2    | Killed Nergalle
 14083 | Orc:2    | Found a radiant altar of Vehumet.
 14085 | Orc:2    | Identified a +0 crystal plate armour (Okawaru gifted it to
                  | you on level 2 of the Orcish Mines)
 14085 | Orc:2    | Received a gift from Okawaru
 14338 | Orc:2    | Reached skill level 7 in Armour
 14339 | Orc:2    | Found Hetopp's Antique Weapon Shoppe.
 14431 | Orc:2    | Found Qiomn's Magic Scroll Shoppe.
 14442 | Orc:2    | Bought a scroll of identify for 26 gold pieces
 14442 | Orc:2    | Bought a scroll of identify for 26 gold pieces
 14442 | Orc:2    | Bought a scroll of teleportation for 39 gold pieces
 14442 | Orc:2    | Bought a scroll of identify for 26 gold pieces
 14442 | Orc:2    | Bought a scroll of silence for 123 gold pieces
 14446 | Orc:2    | Identified a potion of resistance
 14664 | Lair:1   | Noticed Urug
 14673 | Lair:1   | Killed Urug
 14735 | Lair:1   | Reached skill level 8 in Armour
 14814 | Lair:1   | Reached skill level 3 in Dodging
 14850 | Lair:1   | Identified the +11 long sword "Wuneb" {elec, rElec Will+
                  | Str-3}
 14868 | Lair:1   | Reached skill level 4 in Dodging
 15194 | Lair:2   | Reached skill level 5 in Dodging
 15198 | Lair:2   | Reached skill level 1 in Shields
 15264 | Lair:2   | Received a gift from Okawaru
 15357 | Lair:2   | Found a runed translucent gate.
 15357 | Lair:2   | Found a runed translucent gate.
 15357 | Lair:2   | Found a runed translucent gate.
 15368 | Lair:2   | Reached XP level 14. HP: 77/77 MP: 20/20
 15458 | Lair:2   | Noticed Jutic's ghost (journeyman TrFi)
 15507 | Lair:2   | Reached skill level 8 in Invocations
 15752 | Lair:2   | Found a staircase to the Swamp.
 15760 | Lair:2   | Reached ****** piety under Okawaru
 15760 | Lair:2   | Identified the +7 battleaxe of Ruacwekkae {heavy, Will++
                  | Str+5 Dex-3} (Okawaru gifted it to you on level 2 of the
                  | Lair of Beasts)
 15760 | Lair:2   | Received a gift from Okawaru
 15972 | Lair:2   | Found the +13 scythe of Curses {drain, curses, Drain}
 16042 | Lair:2   | Reached skill level 11 in Fighting
 16063 | Lair:2   | Killed Jutic's ghost
 16138 | Lair:2   | Got the ring of the Grinning Gods {Fire rElec rPois Int+3}
 16243 | Lair:2   | Reached skill level 2 in Shields
 16288 | Lair:3   | Reached skill level 9 in Invocations
 16311 | Lair:3   | Noticed Amaemon
 16385 | Lair:2   | Reached skill level 3 in Shields
 16482 | Lair:3   | Killed Amaemon
 16482 | Lair:3   | Identified the +7 war axe "Peihog" {flame, rF+} (Okawaru
                  | gifted it to you on level 3 of the Lair of Beasts)
 16482 | Lair:3   | Received a gift from Okawaru
 16511 | Lair:3   | Reached skill level 4 in Shields
 16769 | Lair:3   | Found a hole to the Spider Nest.
 17842 | Lair:3   | Found a hole to the Spider Nest.
 18181 | Lair:4   | Reached skill level 10 in Invocations
 18257 | Lair:4   | Identified the +3 war axe of Cowardice {elec, Str+2 Int+2
                  | Dex+3} (Okawaru gifted it to you on level 4 of the Lair of
                  | Beasts)
 18257 | Lair:4   | Received a gift from Okawaru
 18259 | Lair:4   | Reached skill level 12 in Fighting
 18262 | Lair:4   | Reached skill level 5 in Shields
 18386 | Lair:4   | Identified the ring "Ecsoc" {Fly rElec rPois rF+ Str+4}
 18559 | Lair:4   | Reached XP level 15. HP: 78/84 MP: 23/23
 18770 | Lair:5   | Entered Level 5 of the Lair of Beasts
 18868 | Lair:5   | Reached skill level 6 in Shields
 18927 | Lair:5   | Identified the +1 ring mail of Huizis {Will- Dex+9}
                  | (Okawaru gifted it to you on level 5 of the Lair of Beasts)
 18927 | Lair:5   | Received a gift from Okawaru
 18991 | Lair:5   | Reached skill level 7 in Shields
 18993 | Lair:5   | Paralysed by a hornet for 3 turns
 19001 | Lair:5   | Reached skill level 13 in Fighting
 19159 | Lair:4   | Reached skill level 8 in Shields
 19340 | Lair:5   | Identified the +7 mace of the Seer {freeze, rElec Will+
                  | Dex+5} (Okawaru gifted it to you on level 5 of the Lair of
                  | Beasts)
 19340 | Lair:5   | Received a gift from Okawaru
 19348 | Lair:5   | Found a staircase to the Slime Pits.
 19587 | Lair:5   | Reached skill level 1 in Spellcasting
 19639 | Lair:5   | Reached skill level 14 in Fighting
 19642 | Lair:5   | Reached skill level 2 in Spellcasting
 19780 | Lair:5   | Found the +8 trident of the Octopus King {venom, rElec
                  | rPois}
 20117 | D:12     | Received a gift from Okawaru
 20118 | D:12     | Reached skill level 3 in Spellcasting
 20225 | D:12     | Identified the +5 leather armour "Wiecrok" {Stlth+}
 20324 | D:12     | Identified the +2 robe "Asonuamm" {rPois}
 20337 | D:12     | Identified the +1 ring mail "Ytwaeji" {rElec MP+9 Str+3
                  | Dex-5}
 20801 | D:12     | Gained mutation: You are weak. (Str -2) [a neqoxec]
 20862 | D:12     | Reached XP level 16. HP: 87/93 MP: 21/24
 21111 | D:12     | Reached skill level 4 in Spellcasting
 21238 | D:13     | Identified the +11 executioner's axe of the Hills {freeze,
                  | rN+ Str+3} (Okawaru gifted it to you on level 13 of the
                  | Dungeon)
 21238 | D:13     | Received a gift from Okawaru
 21386 | D:13     | Found a gate to the Vaults.
 21490 | D:13     | Found a gate leading to a gauntlet.
 21499 | Gauntlet | Entered a Gauntlet
 21499 | Gauntlet | Found a transporter.
 21508 | Gauntlet | Found a transporter.
 21525 | Gauntlet | Found a transporter.
 21529 | Gauntlet | Found a transporter.
 21550 | Gauntlet | Found a transporter.
 21563 | Gauntlet | Found a transporter.
 21577 | Gauntlet | Found a transporter.
 21604 | Gauntlet | Found a transporter.
 21604 | Gauntlet | Found a transporter.
 21610 | Gauntlet | Found a transporter.
 21643 | Gauntlet | Found a transporter.
 21643 | Gauntlet | Found a transporter.
 21704 | Gauntlet | Reached skill level 15 in Fighting
 21706 | Gauntlet | Reached skill level 1 in Evocations
 21740 | Gauntlet | Identified the +0 hat of Uzaac {Int+3}
 21754 | Gauntlet | Reached skill level 2 in Evocations
 21848 | Gauntlet | Identified the amulet of Tyehen {rPois Regen+ Int+4}
 21867 | Gauntlet | Got Onedid's Volume of Evil Deeds and Immolation
 22136 | D:13     | Reached skill level 3 in Evocations
 22449 | D:14     | Reached skill level 4 in Evocations
 22478 | D:14     | Noticed Roxanne
 22658 | D:14     | Found Wuit's Elemental Accessories.
 22828 | D:14     | Found an opulent altar of Gozag.
 22862 | D:14     | Received a gift from Okawaru
 23092 | D:15     | Entered Level 15 of the Dungeon
 23264 | D:15     | Found a staircase to the Depths.
 23311 | D:15     | Reached skill level 6 in Dodging
 23517 | D:15     | Reached skill level 11 in Invocations
 23550 | D:15     | Identified the +0 robe of Joxt {rN+++ Will++ Regen+ Dex-4}
 23854 | D:15     | Found a broken altar of Ashenzari.
 23933 | D:15     | Noticed Jorgrun
 23946 | D:15     | Killed Jorgrun
 24041 | D:15     | Noticed Louise
 24049 | D:15     | Reached skill level 7 in Dodging
 24067 | D:15     | Killed Louise
 24422 | Swamp:1  | Entered Level 1 of the Swamp
 24428 | Swamp:1  | Identified the +4 scale mail "Huevvual" {Fly Str+3}
                  | (Okawaru gifted it to you on level 1 of the Swamp)
 24428 | Swamp:1  | Received a gift from Okawaru
 24612 | Swamp:1  | Reached skill level 9 in Armour
 24722 | Swamp:1  | Reached XP level 17. HP: 96/99 MP: 26/26
 25315 | Swamp:2  | Reached skill level 10 in Armour
 25617 | Swamp:3  | Found a runed translucent gate.
 25632 | Swamp:3  | Found a runed translucent gate.
 25632 | Swamp:3  | Found a runed translucent gate.
 25632 | Swamp:3  | Noticed xzight's ghost (adept MiBe)
 25693 | Swamp:3  | Reached skill level 8 in Dodging
 25705 | Swamp:3  | Identified the +1 robe of the Heavens {Harm rF+ Str+3}
 25878 | Swamp:3  | Noticed Bai Suzhen
 25903 | Swamp:3  | Killed Bai Suzhen
 25903 | Swamp:3  | Received a gift from Okawaru
 26101 | Swamp:3  | Reached skill level 9 in Dodging
 26121 | Swamp:3  | Killed xzight's ghost
 26143 | Swamp:3  | Identified the +9 orcbow of Amorality {flame, rC+ MP-9
                  | Str+6}
 26167 | Swamp:4  | Entered Level 4 of the Swamp
 26242 | Swamp:4  | Received a gift from Okawaru
 26254 | Swamp:4  | Reached skill level 10 in Dodging
 26398 | Swamp:4  | Got a decaying rune of Zot
 26502 | Swamp:4  | Reached skill level 16 in Fighting
 26549 | Swamp:4  | Paralysed by a fenstrider witch for 3 turns
 26566 | Swamp:4  | Reached XP level 18. HP: 105/105 MP: 23/27
 26903 | Swamp:4  | Identified the +1 hand crossbow "Wetoucs" {flame, rPois
                  | Will- rCorr Int-5} (Okawaru gifted it to you on level 4 of
                  | the Swamp)
 26903 | Swamp:4  | Received a gift from Okawaru
 27196 | Spider:1 | Entered Level 1 of the Spider Nest
 27827 | Spider:1 | Reached skill level 17 in Fighting
 28017 | Spider:1 | Noticed Asterion
 28026 | Spider:1 | Received a gift from Okawaru
 28041 | Spider:1 | Killed Asterion
 28042 | Spider:1 | Reached skill level 12 in Invocations
 28142 | Spider:1 | Received a gift from Okawaru
 28242 | Spider:1 | Identified the +2 scale mail of the Jackalope {rPois}
 28804 | Spider:2 | Reached skill level 18 in Fighting
 28814 | Spider:2 | Received a gift from Okawaru
 28900 | Spider:2 | Identified the +1 war axe "Rot Xacs" {freeze, rF+ Str+2}
                  | (Okawaru gifted it to you on level 2 of the Spider Nest)
 28900 | Spider:2 | Received a gift from Okawaru
 29607 | Spider:3 | Reached XP level 19. HP: 115/115 MP: 29/29
 29662 | Spider:3 | Identified the +1 buckler of Dyvaob {-Cast rC+ Will++
                  | rCorr} (Okawaru gifted it to you on level 3 of the Spider
                  | Nest)
 29662 | Spider:3 | Received a gift from Okawaru
 30219 | Spider:4 | Entered Level 4 of the Spider Nest
 30226 | Spider:4 | Noticed Arachne
 30244 | Spider:4 | Killed Arachne
 30245 | Spider:4 | Reached skill level 19 in Fighting
 30253 | Spider:4 | Noticed Aizul
 30274 | Spider:4 | Killed Aizul
 30280 | Spider:4 | Noticed Mlioglotl
 30292 | Spider:4 | Killed Mlioglotl
 30593 | Spider:4 | Received a gift from Okawaru
 30611 | Spider:4 | Reached skill level 20 in Fighting
 30639 | Spider:4 | Got a gossamer rune of Zot
 31176 | Vaults:1 | Entered Level 1 of the Vaults
 31557 | Vaults:1 | Received a gift from Okawaru
 31786 | Vaults:1 | Reached skill level 21 in Fighting
 31790 | Vaults:1 | You are cast into the Abyss!
 31790 | Abyss:3  | Cast into level 3 of the Abyss (tengu reaver)
 31986 | Abyss:3  | Found a corrupted altar of Lugonu.
 32005 | Abyss:3  | Reached XP level 20. HP: 126/126 MP: 28/30
 32098 | Abyss:3  | Found a corrupted altar of Lugonu.
 32112 | Vaults:1 | You pass through the gate.
 32112 | Vaults:1 | Escaped the Abyss
 32134 | Vaults:1 | Received a gift from Okawaru
 32393 | Vaults:1 | Identified the +4 plate armour "Bythuton" {rN++ Dex-2}
                  | (Okawaru gifted it to you on level 1 of the Vaults)
 32393 | Vaults:1 | Received a gift from Okawaru
 33281 | Vaults:2 | Reached skill level 22 in Fighting
 33832 | Vaults:2 | Found Ululoj's Armour Boutique.
 33964 | Vaults:2 | Reached skill level 11 in Armour
 33986 | Vaults:2 | Found a staircase to the Crypt.
 34577 | Vaults:3 | Received a gift from Okawaru
 34626 | Vaults:3 | Reached skill level 12 in Armour
 35341 | Vaults:3 | Received a gift from Okawaru
 35434 | Vaults:3 | Reached skill level 11 in Dodging
 35671 | Vaults:4 | Reached XP level 21. HP: 132/132 MP: 31/31
 35873 | Vaults:4 | Received a gift from Okawaru
 35891 | Vaults:4 | Reached skill level 12 in Dodging
 35979 | Vaults:4 | Received a gift from Okawaru
 36350 | Vaults:4 | Identified the +3 scale mail of Gestures {Regen+ Int+3 SInv
                  | Stlth-}
 37263 | Elf:1    | Entered Level 1 of the Elven Halls
 37263 | Elf:1    | Found a runed translucent gate.
 37263 | Elf:1    | Found a runed translucent gate.
 37263 | Elf:1    | Found a runed translucent gate.
 37263 | Elf:1    | Found a runed translucent gate.
 37263 | Elf:1    | Found a runed translucent gate.
 37263 | Elf:1    | Found a runed translucent gate.
 37264 | Elf:1    | Found a runed translucent door.
 37302 | Elf:1    | Found a runed translucent door.
 37313 | Elf:1    | Reached skill level 9 in Shields
 38011 | Elf:1    | Identified the ring of Oczibb Afypn {Int+4 SInv}
 38085 | Elf:1    | Received a gift from Okawaru
 38255 | Elf:1    | Reached skill level 10 in Shields
 38738 | Elf:2    | Identified the scarf of the Flying Gods {repulsion, rF+
                  | Will++} (Okawaru gifted it to you on level 2 of the Elven
                  | Halls)
 38738 | Elf:2    | Received a gift from Okawaru
 38766 | Elf:2    | Lost mutation: You are weak. (Str -2) [potion of mutation]
 38766 | Elf:2    | Gained mutation: You are vulnerable to cold. (rC-) [potion
                  | of mutation]
 38766 | Elf:2    | Gained mutation: You are resistant to electric shocks.
                  | (rElec) [potion of mutation]
 38768 | Elf:2    | Lost mutation: You are resistant to electric shocks.
                  | (rElec) [potion of mutation]
 38768 | Elf:2    | Lost mutation: You are vulnerable to cold. (rC-) [potion of
                  | mutation]
 38768 | Elf:2    | Gained mutation: You have an increased reservoir of magic.
                  | (+10% MP) [potion of mutation]
 38768 | Elf:2    | Gained mutation: You have supernaturally acute eyesight.
                  | (SInv) [potion of mutation]
 38782 | Elf:2    | Gained mutation: You occasionally lose the ability to read
                  | scrolls when taking damage. [mutagenic glow]
 39167 | Elf:2    | Found a runed translucent gate.
 39168 | Elf:2    | Found a runed translucent gate.
 39168 | Elf:2    | Found a runed translucent gate.
 39246 | Elf:2    | Paralysed by an air elemental for 1 turns
 39470 | Elf:2    | Reached skill level 23 in Fighting
 39519 | Elf:2    | Reached XP level 22. HP: 135/140 MP: 20/35
 39549 | Elf:2    | Noticed Azrael
 39574 | Elf:2    | Killed Azrael
 39888 | Elf:3    | Entered Level 3 of the Elven Halls
 39895 | Elf:3    | Found Gedogiv's Weapon Shoppe.
 39924 | Elf:3    | Reached skill level 13 in Armour
 39945 | Elf:3    | Found Gaxofexin's Book Boutique.
 40096 | Elf:3    | Found Totus's General Store.
 40104 | Elf:3    | Bought a scroll of teleportation for 45 gold pieces
 40317 | Elf:3    | Identified the +8 hand axe "Newtslayer" {freeze, rElec}
                  | (Okawaru gifted it to you on level 3 of the Elven Halls)
 40317 | Elf:3    | Received a gift from Okawaru
 40365 | Elf:3    | Reached skill level 14 in Armour
 40490 | Elf:3    | Identified the +7 flail of Mivvesk {holy, rF+ rC+ rN+}
 40534 | Elf:3    | Got the Directory of the Charming Tundra
 40690 | Elf:3    | Identified the +1 robe of the Inquisitive Orbs {Contam
                  | Regen+ rCorr}
 40738 | Elf:3    | Identified the staff of Lugonu's Inspiration {rPois rC- rN+
                  | Will+ Str+3 Necro}
 40746 | Elf:3    | Got Zunweid's Atlas of the Lithosphere and Immolation
 40765 | Elf:3    | Identified the ring of Lady Luck {AC+4 Int+4 Dex-3}
 41078 | Depths:1 | Entered Level 1 of the Depths
 41078 | Depths:1 | Found Yvelei's Antique Armour Shop.
 41085 | Depths:1 | Bought a pair of runed boots for 367 gold pieces
 41087 | Depths:1 | Lost mutation: You occasionally lose the ability to read
                  | scrolls when taking damage. [potion of mutation]
 41087 | Depths:1 | Lost mutation: You have an increased reservoir of magic.
                  | (+10% MP) [potion of mutation]
 41087 | Depths:1 | Gained mutation: You sometimes lose your temper in combat.
                  | [potion of mutation]
 41087 | Depths:1 | Gained mutation: You are partially covered in large bone
                  | plates. (SH +4) [potion of mutation]
 41087 | Depths:1 | Gained mutation: Your spells are a little easier to cast,
                  | but a little less powerful. [potion of mutation]
 41087 | Depths:1 | Gained mutation: You are partially covered in iridescent
                  | scales. (AC +2) [potion of mutation]
 41143 | Depths:1 | Identified the +0 chain mail of Carved Music {Regen+ rCorr}
                  | (Okawaru gifted it to you on level 1 of the Depths)
 41143 | Depths:1 | Received a gift from Okawaru
 41143 | Depths:1 | Noticed Norris
 41145 | Depths:1 | Noticed Mara
 41146 | Depths:1 | Noticed kaychamo's illusion
 41159 | Depths:1 | Killed Norris
 41194 | Depths:1 | Killed Mara
 41402 | Depths:1 | Reached skill level 15 in Armour
 41566 | Depths:1 | Identified the +5 long sword "Satof" {flame, *Slow rC+
                  | Int+3 Dex+4}
 41580 | Depths:1 | Found Exephut's Tiny Tomes.
 41653 | Depths:1 | Found a gateway to Hell.
 41849 | Depths:1 | Found the +1 cloak of Starlight {*Dazzle EV+4 Stlth--}
 42073 | Depths:2 | Found a glowing golden altar of the Shining One.
 42095 | Depths:2 | Noticed Sojobo
 42100 | Depths:2 | Paralysed by an air elemental for 1 turns
 42114 | Depths:2 | Reached skill level 13 in Dodging
 42114 | Depths:2 | Paralysed by an air elemental for 1 turns
 42146 | Depths:2 | Killed Sojobo
 42367 | Depths:2 | You are sucked into a shaft and drop 1 floor!
 42390 | Depths:2 | Reached XP level 23. HP: 128/129 MP: 33/33
 42497 | Depths:2 | Identified the +4 trident of Okawaru, Keeping {vamp, rC-
                  | Str+3 Int+4 Dex+3} (Okawaru gifted it to you on level 2 of
                  | the Depths)
 42497 | Depths:2 | Received a gift from Okawaru
 42570 | Depths:2 | Reached skill level 14 in Dodging
 42662 | Depths:2 | Found a one-way gate leading to the halls of Pandemonium.
 43176 | Depths:2 | Received a gift from Okawaru
 43292 | Depths:2 | Reached skill level 15 in Dodging
 43747 | Depths:3 | Identified the +7 demon whip of Doom {drain, *Slow rPois
                  | Will++ MP+9}
 43892 | Depths:3 | Noticed a golden dragon
 43901 | Depths:3 | Killed a golden dragon
 43914 | Depths:3 | Reached skill level 16 in Armour
 44077 | Depths:3 | Noticed a caustic shrike
 44087 | Depths:3 | Killed a caustic shrike
 44506 | Depths:3 | Identified the +2 robe of Baodoot {rElec Regen+ Int+4}
                  | (Okawaru gifted it to you on level 3 of the Depths)
 44506 | Depths:3 | Received a gift from Okawaru
 44529 | Depths:3 | Reached XP level 24. HP: 149/149 MP: 33/33
 44966 | Depths:3 | Reached skill level 17 in Armour
 45027 | Depths:3 | Found a one-way gate to the infinite horrors of the Abyss.
 45411 | Depths:4 | Entered Level 4 of the Depths
 45415 | Depths:4 | Noticed a dread lich
 45416 | Depths:4 | Found a one-way gateway to a ziggurat.
 45416 | Depths:4 | Noticed a dread lich
 45580 | Depths:4 | Noticed Saint Roka
 45601 | Depths:4 | Killed Saint Roka
 45854 | Depths:4 | Found Punkubb's General Store.
 45869 | Depths:4 | Found Astuotud's General Store.
 45869 | Depths:4 | Found Toexysy's Weapon Emporium.
 45874 | Depths:4 | Found Wuntuokh's General Store.
 45883 | Depths:4 | Bought a scroll of teleportation for 66 gold pieces
 45886 | Depths:4 | Bought a +0 pair of gloves of strength for 195 gold pieces
 45911 | Depths:4 | Found a gate to the Realm of Zot.
 45915 | Depths:4 | Reached skill level 18 in Armour
 46460 | Vaults:5 | Entered Level 5 of the Vaults
 46466 | Vaults:5 | Noticed a dread lich
 46476 | Vaults:5 | Identified the +0 hat of Atijyf {Contam Rampage Dex+6}
                  | (Okawaru gifted it to you on level 5 of the Vaults)
 46476 | Vaults:5 | Received a gift from Okawaru
 46488 | Vaults:5 | Killed a dread lich
 46547 | Vaults:5 | Identified the staff of Purpose {rPois rF+ Will+++ Int-4
                  | Tmut Fire}
 46594 | Vaults:5 | Reached skill level 19 in Armour
 46604 | Vaults:5 | Got a silver rune of Zot
 46669 | Vaults:5 | Identified the orb "Rimoryo" {light, rPois}
 46734 | Vaults:5 | Noticed a dread lich
 46749 | Vaults:5 | Gained mutation: You have an uncontrollable temper. [a
                  | cacodemon]
 46750 | Vaults:5 | Killed a dread lich
 46845 | Vaults:5 | Identified the +1 ring mail of the Moon Troll {+Blink
                  | Will++ Int-3}
 46958 | Vaults:5 | Received a gift from Okawaru
 46959 | Vaults:5 | Reached XP level 25. HP: 154/154 MP: 33/33
 47093 | Vaults:5 | Reached skill level 20 in Armour
 47261 | Vaults:5 | Noticed a dread lich
 47271 | Vaults:5 | Killed a dread lich
 47294 | Vaults:5 | Identified the +3 morningstar of Kismet {freeze, Dex+2}
 48094 | Zot:1    | Entered Level 1 of the Realm of Zot
 48449 | Zot:1    | Noticed an orb of fire
 48462 | Zot:1    | Killed an orb of fire
 48463 | Zot:1    | Reached skill level 21 in Armour
 48752 | Zot:1    | Got The Ritual Journal of the Archmage
 49331 | Zot:2    | Received a gift from Okawaru
 49389 | Zot:2    | Noticed an orb of fire
 49409 | Zot:2    | Gained mutation: Your body sometimes deteriorates upon
                  | taking damage. [an orb of fire]
 49410 | Zot:2    | Gained mutation: Your body often deteriorates upon taking
                  | damage. [an orb of fire]
 49411 | Zot:2    | Gained mutation: You occasionally lose the ability to read
                  | scrolls when taking damage. [an orb of fire]
 49415 | Zot:2    | Gained mutation: Your magical capacity is low. (-10% MP)
                  | [an orb of fire]
 49426 | Zot:2    | Killed an orb of fire
 49839 | Zot:2    | Noticed an electric golem
 49861 | Zot:2    | Killed an electric golem
 49918 | Zot:2    | Received a gift from Okawaru
 50142 | Zot:2    | Reached skill level 22 in Armour
 50451 | Zot:2    | Identified a scroll of acquirement
 50462 | Zot:2    | Acquired a manual of Shields
 50646 | Zot:3    | Reached skill level 11 in Shields
 50735 | Zot:3    | Reached skill level 12 in Shields
 50735 | Zot:3    | Reached XP level 26. HP: 159/159 MP: 29/29
 50751 | Zot:3    | Reached skill level 13 in Shields
 50756 | Zot:3    | Identified the +0 hat "Deosmi" {rElec rN++ Str+2 Slay-5}
                  | (Okawaru gifted it to you on level 3 of the Realm of Zot)
 50756 | Zot:3    | Received a gift from Okawaru
 50804 | Zot:3    | Reached skill level 14 in Shields
 50939 | Zot:3    | Identified the +9 sling of Odikhih {flame, rF- Str+3 Dex+5}
 51209 | Zot:3    | Reached skill level 15 in Shields
 51938 | Zot:4    | Noticed an electric golem
 51950 | Zot:4    | Killed an electric golem
 52015 | Zot:4    | Reached skill level 16 in Shields
 52185 | Zot:4    | Received a gift from Okawaru
 52537 | Zot:4    | Reached skill level 17 in Shields
 52704 | Zot:4    | Noticed a Killer Klown
 52729 | Zot:4    | Killed a Killer Klown
 53380 | Zot:5    | Entered Level 5 of the Realm of Zot
 53385 | Zot:5    | Noticed a Killer Klown
 53389 | Zot:5    | Received a gift from Okawaru
 53397 | Zot:5    | Killed a Killer Klown
 53595 | Zot:5    | Reached skill level 18 in Shields
 53888 | Zot:5    | Noticed a Killer Klown
 53902 | Zot:5    | Reached XP level 27. HP: 162/164 MP: 29/29
 53960 | Zot:5    | Noticed an orb of fire
 53962 | Zot:5    | Noticed an orb of fire
 53969 | Zot:5    | Lost mutation: You are partially covered in iridescent
                  | scales. (AC +2) [an orb of fire]
 53978 | Zot:5    | Identified the -2 helmet of the Accordion {rC- Int+3 Dex+3}
                  | (Okawaru gifted it to you on level 5 of the Realm of Zot)
 53978 | Zot:5    | Received a gift from Okawaru
 53988 | Zot:5    | Killed an orb of fire
 53989 | Zot:5    | Reached skill level 16 in Dodging
 54000 | Zot:5    | Killed an orb of fire
 54009 | Zot:5    | Noticed a curse toe
 54057 | Zot:5    | Killed a curse toe
 54198 | Zot:5    | Noticed a curse toe
 54213 | Zot:5    | Noticed an orb of fire
 54226 | Zot:5    | Killed a curse toe
 54235 | Zot:5    | Killed an orb of fire
 54236 | Zot:5    | Reached skill level 17 in Dodging
 54238 | Zot:5    | Noticed an electric golem
 54239 | Zot:5    | Got the Orb of Zot
 54251 | Zot:5    | Noticed Owobyl the pandemonium lord
 54254 | Zot:5    | Noticed an ancient lich
 54265 | Zot:5    | Killed an ancient lich
 54274 | Zot:5    | Killed Owobyl the pandemonium lord
 54281 | Zot:5    | Killed an electric golem
 54292 | Zot:5    | Noticed a curse toe
 54293 | Zot:5    | Noticed an ancient lich
 54293 | Zot:5    | Noticed a curse toe
 54294 | Zot:5    | Noticed an orb of fire
 54300 | Zot:5    | Killed a curse toe
 54305 | Zot:5    | Killed an ancient lich
 54308 | Zot:5    | HP: 8/164 [Orb Guardian (27)]
 54310 | Zot:5    | Noticed Wimiex the pandemonium lord
 54747 | D:9      | Reached skill level 18 in Dodging
 54945 | D:$      | Escaped with the Orb!

Vanquished Creatures
  A pandemonium lord (Zot:5)
  3 dread liches (Vaults:5)
  2 ancient liches (Zot:5)
  5 orbs of fire
  Mara (Depths:1)
  Sojobo (Depths:2)
  Bai Suzhen (Swamp:3)
  6 Killer Klowns
  Saint Roka (Depths:4)
  A caustic shrike (Depths:3)
  3 curse toes (Zot:5)
  8 golden dragons
  Arachne (Spider:4)
  A Brimstone Fiend (D:13)
  Norris (Depths:1)
  3 electric golems
  23 tentacled monstrosities
  Jorgrun (D:15)
  5 titans
  26 Orb Guardians
  Mlioglotl (Spider:4)
  Asterion (Spider:1)
  4 liches
  4 deep elf blademasters
  4 deep elf master archers (Elf:3)
  6 quicksilver dragons
  An ancient champion (Vaults:2)
  6 sphinxes
  9 tengu reavers
  9 death cobs
  The ghost of xzight the Severer, an adept MiBe of Trog (Swamp:3)
  2 thorn hunters
  Aizul (Spider:4)
  8 draconian monks
  11 shadow dragons
  8 storm dragons
  A revenant (Vaults:2)
  14 fire giants
  5 draconian knights
  11 frost giants
  10 fenstrider witches
  11 vault wardens
  5 draconian scorchers
  Louise (D:15)
  4 emperor scorpions
  An iron dragon (Depths:3)
  5 ghost moths
  A balrug (Depths:1)
  6 deep elf sorcerers
  A ghoul (Swamp:3)
  7 draconian stormcallers
  20 ironbound preservers
  4 draconian shifters
  3 deep elf elementalists (Elf:3)
  3 cacodemons
  2 angels (Depths:1)
  A demonspawn corrupter (Zot:4)
  2 orc warlords
  28 stone giants
  6 draconian annihilators
  The ghost of Jutic the Grappler, a journeyman TrFi of Wu Jian (Lair:2)
  A quicksilver ooze (Gauntlet)
  14 very ugly things
  9 ironbound thunderhulks
  6 war gargoyles
  14 green draconians
  A deep elf demonologist (Vaults:5)
  15 black draconians
  4 vampire knights
  A lorocyproca (D:3)
  8 spark wasps
  9 white draconians
  5 deep elf annihilators
  5 bunyips
  11 dire elephants
  Azrael (Elf:2)
  A minotaur (Gauntlet)
  12 purple draconians
  6 eleionomae
  10 red draconians
  13 yellow draconians
  29 ettins
  A crystal guardian (Vaults:4)
  2 blizzard demons
  A green death (Swamp:4)
  3 deep elf death magi
  13 fire dragons
  A shambling mangrove (Swamp:1)
  3 jiangshi (Depths:3)
  11 yaktaur captains
  A great orb of eyes (shapeshifter) (Depths:4)
  29 vault guards
  5 deep elf high priests
  8 entropy weavers
  9 great orbs of eyes
  10 ice dragons
  3 ghost crabs
  2 peacekeepers (Vaults:4)
  5 rakshasas
  4 ogre magi
  14 hydras
  2 catoblepae
  3 spriggan air magi
  5 radroaches
  4 jorogumos
  6 centaur warriors
  A merfolk avatar (Lair:5)
  10 boulder beetles
  31 dancing weapons
  7 two-headed ogres
  5 alligators
  11 ironbound frosthearts
  6 tengu warriors
  A death knight (D:14)
  18 death yaks
  2 orc high priests (Elf:1)
  3 deep troll shamans
  A satyr (shapeshifter) (Vaults:4)
  17 demonic crawlers
  3 deep troll earth magi
  2 hell hogs (Depths:3)
  4 vampire magi
  Urug (Lair:1)
  2 thrashing horrors (Abyss:3)
  13 hell knights
  5 wretched stars (Depths:1)
  Amaemon (Lair:3)
  Nergalle (Orc:2)
  22 deep elf knights
  A spriggan berserker (Depths:2)
  2 soul eaters (Depths:3)
  5 sun demons
  A sun moth (Spider:1)
  7 pharaoh ants
  3 iron trolls
  4 sixfirhies
  A fire crab (Gauntlet)
  13 skeletal warriors
  3 goliath frogs
  9 skysharks
  3 death drakes
  A golden dragon zombie (D:15)
  4 sea snakes (Lair:5)
  41 deep trolls
  A glowing orange brain (Vaults:3)
  3 bog bodies
  2 shadow demons
  An orb spider (shapeshifter) (Vaults:5)
  8 swamp dragons
  2 spriggan druids (Swamp:3)
  3 flayed ghosts
  7 orb spiders
  An obsidian statue (D:12)
  A shadow dragon zombie (D:15)
  6 necromancers
  7 wizards
  6 deep elf archers
  15 ironbound convokers
  8 phantasmal warriors
  16 steelbarb worms
  21 lindwurms
  3 harpies (Lair:5)
  32 deep elf zephyrmancers
  9 orc knights
  44 ugly things
  Pikel (D:4)
  36 deep elf pyromancers
  A faun (shapeshifter) (Depths:3)
  14 orc sorcerers
  16 wolf spiders
  44 moths of wrath
  2 cyclopes
  5 manticores
  6 will-o-the-wisps
  A moth of wrath (shapeshifter) (Depths:1)
  18 vault sentinels
  A salamander (shapeshifter) (D:15)
  Joseph (D:7)
  3 black mambas (Lair:2)
  18 elephants
  An ice statue (D:12)
  8 torpor snails
  15 cane toads
  7 smoke demons
  3 gargoyles
  A hellion (D:13)
  4 orange demons
  2 unseen horrors (D:12)
  2 efreet
  2 freezing wraiths
  4 kobold demonologists
  10 rime drakes
  28 yaktaurs
  A tormentor (Depths:1)
  13 komodo dragons
  3 ancient zymes (Abyss:3)
  A red devil (Depths:2)
  8 polar bears
  9 tyrant leeches
  2 tengu conjurers
  A polar bear (shapeshifter) (D:14)
  15 trolls
  4 hellwings
  3 large abominations (Abyss:3)
  Prince Ribbit (Bailey)
  2 meliai (Spider:4)
  7 hornets
  12 tarantellas
  A dream sheep (Lair:3)
  An ettin zombie (D:15)
  22 blink frogs
  2 tyrant leeches (shapeshifter)
  2 small abominations
  A spriggan zombie (D:15)
  9 slime creatures
  3 raiju (Abyss:3)
  2 air elementals
  18 culicivoras
  5 water elementals
  2 shadows
  33 jumping spiders
  5 wraiths
  46 yaks
  5 spriggans
  4 basilisks
  6 fire elementals (Elf:2)
  4 fire bats (Gauntlet)
  8 wyverns
  2 neqoxecs (Swamp:4)
  3 steam dragons (Lair:5)
  8 humans (Bailey)
  4 chaos spawn
  42 redbacks
  10 vampire mosquitoes
  5 wargs
  16 swamp worms
  A swamp worm (shapeshifter) (Vaults:2)
  4 hell hounds
  16 water moccasins
  A floating eye (Depths:1)
  52 orc warriors
  3 black bears
  2 ice beasts (Vaults:2)
  A black mamba simulacrum (Lair:2)
  18 ogres
  3 swamp drakes (Swamp:4)
  A boulder beetle simulacrum (Lair:2)
  2 sky beasts
  20 wolves
  5 centaurs
  A lemure (D:3)
  2 phantoms
  Blork the orc (D:5)
  2 gnoll sergeants
  24 bullfrogs
  3 earth elementals
  5 scorpions
  7 wights (D:8)
  A blink frog simulacrum (Lair:2)
  5 howler monkeys
  2 electric eels
  A wyvern simulacrum (Lair:2)
  2 jellies
  A water moccasin simulacrum (Lair:2)
  2 gnoll boudas
  22 orc priests
  A sleepcap (D:7)
  3 iguanas
  46 orc wizards
  4 yak simulacra
  3 polar bear simulacra (Lair:3)
  4 wolf simulacra (Lair:3)
  Robin (D:4)
  22 gnolls
  7 adders
  A river rat (D:6)
  3 ufetubi
  3 worms (Sewer)
  5 dart slugs
  154 orcs
  12 ball pythons
  An endoplasm (D:1)
  6 giant cockroaches
  16 goblins
  10 hobgoblins
  14 kobolds
  4 quokkas
  2 bats (D:2)
  4 frilled lizards
  5 rats
  A river rat simulacrum (Lair:3)
2251 creatures vanquished.

Vanquished Creatures (others)
  2 deep elf zephyrmancers (Elf:3)
  A troll (shapeshifter) (D:14)
  5 bloated husks
  A culicivora (Spider:2)
  An orc (Orc:1)
  28 foxfires
38 creatures vanquished.

Grand Total: 2289 creatures vanquished

Table legend: (Time is in decaauts)
 A = Elapsed time spent in this place.
 B = Non-inter-level travel time spent in this place.
 C = Inter-level travel time spent in this place.
 D = Time resting spent in this place.
 E = Time spent auto-exploring this place.
 F = Levels seen in this place.
 G = Mean time per level.
                   A        B        C        D        E       F      G
               +--------+--------+--------+--------+--------+-----+--------+
         Total |  54921 |  50185 |   4736 |   4580 |  33032 |  52 | 1056.2 |
       Dungeon |  16228 |  14131 |   2097 |   1087 |   9674 |  15 | 1081.9 |
          Lair |   5823 |   5319 |    504 |    400 |   3675 |   5 | 1164.6 |
         Swamp |   2661 |   2539 |    122 |     51 |   1776 |   4 |  665.2 |
   Spider Nest |   3740 |   3526 |    214 |     33 |   2379 |   4 |  935.0 |
  Orcish Mines |   1949 |   1750 |    199 |    199 |   1131 |   2 |  974.5 |
   Elven Halls |   3638 |   3422 |    216 |      0 |   2642 |   3 | 1212.7 |
        Vaults |   7123 |   6583 |    540 |    412 |   4620 |   5 | 1424.6 |
        Depths |   5532 |   4986 |    546 |    740 |   2955 |   4 | 1383.0 |
           Zot |   6406 |   6110 |    296 |   1408 |   3443 |   5 | 1281.2 |
         Abyss |    320 |    320 |      0 |      0 |    240 |   1 |  320.0 |
         Trove |    135 |    135 |      0 |      0 |      0 |   1 |  135.0 |
         Sewer |    325 |    325 |      0 |      0 |    179 |   1 |  325.0 |
        Bailey |    643 |    643 |      0 |    249 |     74 |   1 |  643.0 |
      Gauntlet |    393 |    393 |      0 |      0 |    242 |   1 |  393.0 |
               +--------+--------+--------+--------+--------+-----+--------+

Top non-repeatable levels by time:
Vaults:1: 1955 daAuts
   Zot:4: 1954 daAuts
Depths:3: 1873 daAuts
  Lair:3: 1836 daAuts
Depths:2: 1834 daAuts
     D:2: 1528 daAuts
   Elf:1: 1508 daAuts
     D:8: 1451 daAuts
   Orc:2: 1413 daAuts
Vaults:4: 1374 daAuts
Vaults:5: 1328 daAuts
     D:7: 1327 daAuts
   Zot:1: 1306 daAuts
  Lair:2: 1302 daAuts
Spider:1: 1299 daAuts

Table legend:
 A = Non-vault XP
 B = Vault XP
 C = Vault XP percentage of total XP
 D = Non-vault monster count
 E = Vault monster count
 F = Vault count percentage of total count
                 A         B        C        D         E       F
            +---------+---------+-------+---------+---------+-------
      Total |  716110 |  622654 |  46.5 |    1370 |     867 |  38.8
            +---------+---------+-------+---------+---------+-------
        D:1 |      34 |       4 |  10.5 |      21 |       2 |   8.7
        D:2 |      87 |       0 |   0.0 |      15 |       0 |   0.0
        D:3 |     176 |      19 |   9.7 |      17 |      10 |  37.0
        D:4 |      64 |     609 |  90.5 |      13 |       6 |  31.6
        D:5 |     444 |     100 |  18.4 |      14 |       1 |   6.7
        D:6 |    1448 |      17 |   1.2 |      26 |       3 |  10.3
        D:7 |     805 |     471 |  36.9 |      23 |       1 |   4.2
        D:8 |    2201 |       0 |   0.0 |      32 |       0 |   0.0
        D:9 |    1590 |     224 |  12.3 |      19 |      20 |  51.3
       D:10 |    2544 |    2026 |  44.3 |      16 |       6 |  27.3
       D:11 |    6817 |     790 |  10.4 |      22 |      32 |  59.3
       D:12 |    2154 |    3951 |  64.7 |      18 |       8 |  30.8
       D:13 |    6500 |    3555 |  35.4 |      17 |      27 |  61.4
       D:14 |    8170 |       0 |   0.0 |      14 |       0 |   0.0
       D:15 |   14017 |    8072 |  36.5 |      26 |      10 |  27.8
     Lair:1 |    6832 |    2871 |  29.6 |      28 |       8 |  22.2
     Lair:2 |   11843 |    8390 |  41.5 |      43 |      26 |  37.7
     Lair:3 |    3136 |    6396 |  67.1 |      12 |      24 |  66.7
     Lair:4 |   14128 |     808 |   5.4 |      44 |       2 |   4.3
     Lair:5 |   16155 |   14298 |  47.0 |      32 |      30 |  48.4
    Swamp:1 |    8940 |       0 |   0.0 |      21 |       0 |   0.0
    Swamp:2 |    8284 |       0 |   0.0 |      18 |       0 |   0.0
    Swamp:3 |   10796 |   11495 |  51.6 |      17 |       8 |  32.0
    Swamp:4 |   13683 |   25647 |  65.2 |      23 |      39 |  62.9
   Spider:1 |   27746 |    1969 |   6.6 |      63 |       2 |   3.1
   Spider:2 |   18619 |    3299 |  15.1 |      43 |       9 |  17.3
   Spider:3 |   20345 |       0 |   0.0 |      49 |       0 |   0.0
   Spider:4 |    6492 |   29282 |  81.9 |      13 |      35 |  72.9
      Orc:1 |    4112 |       0 |   0.0 |      28 |       0 |   0.0
      Orc:2 |    2316 |    7369 |  76.1 |      47 |      34 |  42.0
      Elf:1 |   26737 |    8900 |  25.0 |      51 |      14 |  21.5
      Elf:2 |   10928 |   27045 |  71.2 |      22 |      39 |  63.9
      Elf:3 |   21453 |   23516 |  52.3 |      34 |      19 |  35.8
   Vaults:1 |   39790 |   15160 |  27.6 |      59 |      17 |  22.4
   Vaults:2 |   17321 |   21701 |  55.6 |      25 |      26 |  51.0
   Vaults:3 |   14307 |   16278 |  53.2 |      18 |      20 |  52.6
   Vaults:4 |   23252 |   19675 |  45.8 |      33 |      21 |  38.9
   Vaults:5 |   18723 |  109852 |  85.4 |      36 |      91 |  71.7
   Depths:1 |   21519 |   17200 |  44.4 |      28 |      15 |  34.9
   Depths:2 |   33935 |   46163 |  57.6 |      41 |      46 |  52.9
   Depths:3 |   28658 |   39531 |  58.0 |      31 |      36 |  53.7
   Depths:4 |   23783 |   14067 |  37.2 |      26 |      20 |  43.5
      Zot:1 |   35884 |       0 |   0.0 |      31 |       0 |   0.0
      Zot:2 |   38177 |    3909 |   9.3 |      29 |       2 |   6.5
      Zot:3 |   52852 |   12597 |  19.2 |      51 |      14 |  21.5
      Zot:4 |   39522 |   39091 |  49.7 |      31 |      54 |  63.5
      Zot:5 |   42585 |   67565 |  61.3 |      34 |      35 |  50.7
    Abyss:3 |    6206 |       0 |   0.0 |      16 |       0 |   0.0
      Sewer |       0 |      56 | 100.0 |       0 |      16 | 100.0
     Bailey |       0 |    4749 | 100.0 |       0 |      30 | 100.0
   Gauntlet |       0 |    3937 | 100.0 |       0 |       9 | 100.0
            +---------+---------+-------+---------+---------+-------
